 Dungeon Crawl Stone Soup version 0.24-a0-581-gc0fa660 (webtiles) character file.

Game seed: 10933721482096201428

594 bananamous the Cudgeler (level 7, -4/66 HPs)
             Began as a Gargoyle Berserker on Aug 24, 2019.
             Was a Believer of Trog.
             Slain by an ogre
             ... wielding a +0 giant spiked club
              (12 damage)
             ... on level 4 of the Dungeon.
             The game lasted 00:11:58 (3278 turns).

bananamous the Cudgeler (Gargoyle Berserker)        Turns: 3278, Time: 00:11:59

Health: -4/66      AC: 20    Str: 28    XL:     7   Next: 39%
Magic:  7/7        EV:  9    Int:  7    God:    Trog [**....]
Gold:   154        SH:  0    Dex:  9    Spells: 6/6 levels left

rFire    . . .     SeeInvis .   a - +0 mace
rCold    . . .     Gourm    .   (no shield)
rNeg     + . .     Faith    .   i - +4 chain mail
rPois    ∞         Spirit   .   s - +0 helmet
rElec    +         Reflect  .   j - +0 cloak
rCorr    .         Harm     .   (no gloves)
MR       .....                  (no boots)
Stlth    ..........             (no amulet)
HPRegen  0.21/turn              (no ring)
MPRegen  0.10/turn              (no ring)

@: berserking, very quick
A: negative energy resistance 1, electricity resistance, unbreathing,
petrification resistance, rot immunity, AC +4
a: Berserk, Trog's Hand, Renounce Religion


You were on level 4 of the Dungeon.
You worshipped Trog.
Trog was pleased with you.
You were very hungry.

You visited 1 branch of the dungeon, and saw 4 of its levels.

You collected 154 gold pieces.

Inventory:

Hand Weapons
 a - a +0 mace (weapon)
Missiles
 p - 4 silver boomerangs (quivered)
Armour
 b - a +0 animal skin
 h - a +0 ring mail
 i - a +4 chain mail (worn)
 j - a +0 cloak (worn)
 s - a +0 helmet (worn)
Wands
 d - a wand of digging (4)
Scrolls
 m - a scroll of random uselessness
 n - a scroll of magic mapping {unknown}
 o - a scroll of enchant weapon {unknown}
 r - 2 scrolls of fog {unknown}
 t - a scroll of identify
Potions
 e - a potion of cancellation {unknown}
 f - 2 potions of heal wounds
 g - 2 potions of lignification
 l - a potion of berserk rage {unknown}
 q - a potion of brilliance {unknown}
Comestibles
 c - 6 rations
 k - 2 chunks of flesh


   Skills:
 + Level 4.8 Fighting
 + Level 6.2 Maces & Flails
 + Level 0.6 Throwing
 + Level 4.3 Armour
 + Level 2.3 Dodging


You had 6 spell levels left.
You didn't know any spells.
Your spell library was empty.

Dungeon Overview and Level Annotations

Branches:
Dungeon (4/15)
 Temple: D:4-7

Altars:
Ashenzari
Cheibriados
Dithmenos
Gozag


Innate Abilities, Weirdness & Mutations

You are resistant to torment.
Your stone body is resilient. (AC +4)
You are immune to poison.
You resist negative energy. (rN+)
You are resistant to electric shocks. (rElec)
You can survive without breathing.
You are immune to petrification.
You are immune to rotting.


Message History

The ogre hits you with a +0 giant spiked club!
You barely miss the ogre.
The ogre is heavily wounded.
The ogre hits you with a +0 giant spiked club!
You are too injured to fight recklessly!
You hit the ogre.
The ogre is heavily wounded.
The ogre closely misses you.
You closely miss the ogre.
The ogre is heavily wounded.
The ogre hits you with a +0 giant spiked club!
* * * LOW HITPOINT WARNING * * *
Okay, then.
A red film seems to cover your vision as you go berserk!
You feel yourself moving faster!
You feel mighty!
You are feeling very hungry.
You closely miss the ogre.
The ogre is heavily wounded.
The ogre hits you with a +0 giant spiked club!
You die...

..........................
#.####.#.##........####..
#.#.##..............
##.#............###.#
#....................
#..#.#.........<.##.#
#..#.#......##..)....
..###..#.#...######.###.#
..........@O...# #..##.#
#...####...##..# #..##)#
#. #..... # #..##.#
......... #..##.#
.....###### #..##.#
#.....# #[.##.# #.....#
#..##.# #.....#########
#...#.# .........# #.#.#.#


You could see an ogre.

Vanquished Creatures
  The ghost of bakahatsu the Conjurer, an amateur DrFE (D:3)
  The ghost of Senshi the Magician, an amateur DEVM (D:3)
  An ogre (D:4)
  A phantom (D:4)
  The ghost of felly21 the Poker, a weakling DsBe of Trog (D:3)
  A bullfrog skeleton (D:4)
  A worker ant (D:4)
  2 adders
  An adder skeleton (D:4)
  2 worms
  2 dart slugs
  4 leopard geckos
  6 orcs
  A ball python (D:3)
  6 giant cockroaches
  3 goblins (D:3)
  4 hobgoblins
  4 jackals (D:2)
  3 quokkas
  9 bats
  6 frilled lizards
  3 kobolds
  7 rats
70 creatures vanquished.

Notes
Turn   | Place    | Note
-------+----------+-------------------------------------------
     0 | D:1      | bananamous the Gargoyle Berserker began the quest for the
                  | Orb.
     0 | D:1      | Reached XP level 1. HP: 14/14 MP: 1/1
   317 | D:1      | Reached XP level 2. HP: 19/19 MP: 2/2
   683 | D:2      | Found an opulent altar of Gozag.
   794 | D:2      | Found a snail-covered altar of Cheibriados.
   882 | D:2      | Reached XP level 3. HP: 23/24 MP: 3/3
   924 | D:2      | Found a shattered altar of Ashenzari.
  1021 | D:2      | Found a shadowy altar of Dithmenos.
  1688 | D:3      | Reached XP level 4. HP: 29/29 MP: 4/4
  1890 | D:3      | Found a runed translucent gate.
  1890 | D:3      | Found a runed translucent gate.
  1909 | D:3      | Reached ** piety under Trog
  1917 | D:3      | Found a runed translucent gate.
  2238 | D:3      | Reached skill level 4 in Maces & Flails
  2625 | D:3      | Noticed felly21's ghost (weakling DsBe)
  2625 | D:3      | Noticed Senshi's ghost (amateur DEVM)
  2625 | D:3      | Noticed bakahatsu's ghost (amateur DrFE)
  2635 | D:3      | Killed bakahatsu's ghost
  2635 | D:3      | Reached XP level 5. HP: 34/34 MP: 5/5
  2640 | D:3      | Killed felly21's ghost
  2640 | D:3      | Reached skill level 5 in Maces & Flails
  2640 | D:3      | Reached XP level 6. HP: 39/39 MP: 6/6
  2648 | D:3      | Killed Senshi's ghost
  2743 | D:4      | Reached XP level 7. HP: 10/44 MP: 7/7
  3142 | D:4      | Reached skill level 6 in Maces & Flails
  3278 | D:4      | Slain by an ogre

Levels and vault maps discovered:
D:1:      dpeg_arrival_tiny_d, layout_basic, hangedman_decor_diamond_cutter,
          minmay_pentomino_z2
D:2:      layout_basic, overflow_temple_1_default, grunt_gozag_breadcrumbs,
          cheibriados_altar_1, overflow_temple_1_default
D:3:      kb_forest_paths, layout_basic, gammafunk_ghost_cemetery
D:4:      layout_basic, fedhas_altar_1, vehumet_altar_wand_db, minivault_24

Skill      XL: |  1  2  3  4  5  6  7 |
---------------+----------------------+-----
Fighting       | 4 |  4.8
Dodging        | 2 |  2.3
Maces & Flails | 4 5 6 |  6.2
Armour         | 3 4 |  4.3
Throwing       | |  0.6

Action                   |  1- 3 |  4- 6 |  7- 9 || total
-------------------------+-------+-------+-------++-------
Melee: Mace              |   128 |    95 |    55 ||   278
Throw: Boomerang         |       |     3 |       ||     3
Invok: Berserk           |       |     2 |     1 ||     3
  Use: Scroll            |     4 |     3 |       ||     7
  Eat: Chunk             |     1 |     4 |     1 ||     6
       Ration            |       |     1 |       ||     1
Armor: Animal skin       |    13 |       |       ||    13
       Chain mail        |    71 |    49 |    35 ||   155
Dodge: Dodged            |    89 |    47 |    20 ||   156

Table legend:
 A = Non-vault XP
 B = Vault XP
 C = Vault XP percentage of total XP
 D = Non-vault monster count
 E = Vault monster count
 F = Vault count percentage of total count
                 A         B        C        D         E       F
            +---------+---------+-------+---------+---------+-------
      Total |     453 |     396 |  46.6 |      59 |      11 |  15.7
            +---------+---------+-------+---------+---------+-------
        D:1 |      20 |       2 |   9.1 |      12 |       2 |  14.3
        D:2 |      48 |       0 |   0.0 |      19 |       0 |   0.0
        D:3 |      56 |     394 |  87.6 |      20 |       9 |  31.0
        D:4 |     329 |       0 |   0.0 |       8 |       0 |   0.0
            +---------+---------+-------+---------+---------+-------
